 Dungeon Crawl Stone Soup version 0.23-a0-391-g8c51ad5 (webtiles) character file.

59181 Garbasso the Unseen (level 14, -1/116 HPs)
             Began as a Vampire Enchanter on Oct 30, 2018.
             Was the Champion of Ashenzari.
             Slain by a catoblepas (4 damage)
             ... on level 15 of the Dungeon.
             The game lasted 02:08:31 (24623 turns).

Garbasso the Unseen (Vampire Enchanter)            Turns: 24623, Time: 02:08:32

Health: -1/116     AC: 14    Str:  7    XL:     14   Next: 52%
Magic:  29/32      EV:  2    Int: 18    God:    Ashenzari [******]
Gold:   1589       SH:  0    Dex: 22    Spells: 13/26 levels left

rFire    + . .     SeeInvis +   b - +5 great sword (vamp)
rCold    + . .     Gourm    .   (shield currently unavailable)
rNeg     + + +     Faith    .   G - +2 robe {rC+} (curse)
rPois    ∞         Spirit   .   U - +2 helmet (curse)
rElec    .         Reflect  .   w - +2 cloak (curse)
rCorr    .         Harm     .   A - +2 pair of gloves {Dex+3} (curse)
MR       +....     Clarity  +   E - +0 pair of boots
Stlth    ++++++++..             k - amulet of Lyxumes {rF+ rN+ Regen+} (curse)
HPRegen  0.69/turn              g - +3 ring of evasion (curse)
MPRegen  0.23/turn              x - ring of magical power

@: petrified
A: fangs 3, see invisible, unbreathing
a: Bat Form, Curse Item, Scrying, Transfer Knowledge, Renounce Religion


You were on level 15 of the Dungeon.
You worshipped Ashenzari.
Ashenzari was exalted by your worship.
You were not thirsty.

You visited 2 branches of the dungeon, and saw 21 of its levels.
You visited the Abyss 1 time.

You collected 2124 gold pieces.
You spent 535 gold pieces at shops.

Inventory:

Hand Weapons
 a - a +4 dagger of venom
 b - a +5 vampiric great sword (weapon)
Missiles
 t - 2 throwing nets (quivered) {=f}
Armour
 w - a cursed +2 cloak (worn)
 A - a cursed +2 pair of gloves of dexterity (worn)
 E - a +0 pair of boots (worn)
 G - a cursed +2 robe of cold resistance (worn)
 U - a cursed +2 helmet (worn)
Jewellery
 g - a cursed +3 ring of evasion (left hand)
 j - an uncursed ring of positive energy
 k - the cursed amulet of Lyxumes (around neck) {rF+ rN+ Regen+}
   (You found it on level 2 of the Abyss)

   [amulet of regeneration]

   It protects you from fire.
   It protects you from negative energy.
   It increases your rate of regeneration.
   It has a curse placed upon it.
 r - a +5 amulet of reflection
 x - a ring of magical power (right hand)
 y - an uncursed ring of flight
Wands
 c - a wand of acid (9)
 e - a wand of clouds (7)
 f - a wand of paralysis (7)
 n - a wand of polymorph (10)
 p - a wand of scattershot (9)
 B - a wand of iceblast (15)
 K - a wand of flame (20)
Scrolls
 m - 4 scrolls of enchant armour
 o - 8 scrolls of amnesia
 z - 2 scrolls of fear
 C - 2 scrolls of blinking
 D - 10 scrolls of teleportation
 F - a scroll of silence
 H - a scroll of remove curse
 M - 6 scrolls of identify
 R - a scroll of magic mapping
Potions
 d - 2 potions of berserk rage
 h - 2 potions of agility
 i - 5 potions of haste
 l - 5 potions of mutation
 q - 11 potions of blood
 s - 3 potions of might
 u - 5 potions of magic
 v - 3 potions of flight
 J - a potion of heal wounds
 L - 2 potions of brilliance
 N - 5 potions of curing
 O - 2 potions of ambrosia
 P - a potion of lignification
Miscellaneous
 I - a crystal ball of energy
 T - a phantom mirror


   Skills:
 * Level 12.6 Fighting
 - Level 10.0 Short Blades
 + Level 11.9(14.6) Dodging
 + Level 17.3(19.7) Stealth
 - Level 6.5 Spellcasting
 - Level 12.9(15.5) Hexes
 - Level 1.2(3.1) Necromancy
 + Level 1.8(4.0) Translocations
 - Level 1.2(3.1) Ice Magic
 - Level 3.3(6.0) Evocations


You had 13 spell levels left.
You knew the following spells:

 Your Spells              Type           Power        Failure   Level  Hunger
a - Dazzling Spray        Conj/Hex       ####..       1%          3    ##.....
b - Ensorcelled Hibernat  Hex/Ice        #####.       1%          2    None
c - Confuse               Hex            ######..     1%          3    ##.....
d - Tukima's Dance        Hex            ######..     1%          3    ##.....
e - Animate Skeleton      Necr           N/A          3%          1    None
f - Apportation           Tloc           ###...       2%          1    None

Your spell library contained the following spells:

 Spells                   Type           Power        Failure   Level  Hunger
 Confusing Touch          Hex            ######       1%          1    None
 Corona                   Hex            ######.      1%          1    None
 Inner Flame              Hex/Fire       ####....     1%          3    ##.....
 Beastly Appendage        Tmut           #.....       10%         1    None
 Flame Tongue             Conj/Fire      #....        10%         1    None
 Summon Small Mammal      Summ           #...         10%         1    None
 Passwall                 Tmut/Erth      #.......     14%         2    None
 Throw Flame              Conj/Fire      #.....       14%         2    None
 Conjure Flame            Conj/Fire      #.......     28%         3    ##.....
 Static Discharge         Conj/Air       #.......     28%         3    ##.....
 Ice Form                 Ice/Tmut       ##......     50%         4    ####...
 Sticky Flame             Conj/Fire      #.......     67%         4    ####...
 Fireball                 Conj/Fire      #.........   95%         5    #####..
 Irradiate                Conj/Tmut      #.........   95%         5    #####..
 Lightning Bolt           Conj/Air       #.........   95%         5    #####..
 Statue Form              Tmut/Erth      #........    100%        6    #######
 Ignition                 Fire           #.........   100%        8    #######
 Shatter                  Erth           #.........   100%        9    #######
 Tornado                  Air            #.........   100%        9    #######


Dungeon Overview and Level Annotations

Branches:
Dungeon (15/15)            Temple (0/1) D:5            Lair (6/6) D:10
  Swamp (0/4) Lair:2        Snake (0/4) Lair:3        Slime (0/5) Lair:6
    Orc (0/2) D:11         Vaults (0/5) D:14
 Depths: D:15

Altars:
Ashenzari
Cheibriados
Dithmenos
Fedhas
Gozag
Kikubaaqudgha
Sif Muna
Trog
Vehumet
Yredelemnul
Zin
Jiyva

Shops:
D:6 (   D:8 [?   D:10 :   D:13 }   D:15 (

Annotations:
D:1 Natasha
D:8 1 runed door
D:9 exclusion: statue
D:13 2 transporters, Nib's ghost, journeyman CeHu
Lair:2 exclusion: ice statue
Lair:5 1 runed door, Ratty's ghost, journeyman MiBe


Innate Abilities, Weirdness & Mutations

You have razor-sharp teeth.
You have supernaturally acute eyesight. (SInv)
You can survive without breathing.


Message History

You are engulfed in calcifying dust.
The catoblepas gores you!!
You are engulfed in calcifying dust.
The catoblepas gores you!!
* * * LOW HITPOINT WARNING * * *
You are engulfed in calcifying dust.
The catoblepas gores you!!
* * * LOW HITPOINT WARNING * * *
You are engulfed in calcifying dust.
The catoblepas gores you!!
* * * LOW HITPOINT WARNING * * *
You are engulfed in calcifying dust.
The catoblepas breathes a plume of calcifying dust at you.
The blast of calcifying dust hits you!
You are engulfed in calcifying dust.
The catoblepas breathes a plume of calcifying dust at you.
The blast of calcifying dust hits you!
* * * LOW HITPOINT WARNING * * *
The catoblepas breathes a plume of calcifying dust at you.
The blast of calcifying dust hits you!
You are engulfed in calcifying dust.
The catoblepas gores you!!
* * * LOW HITPOINT WARNING * * *
You are engulfed in calcifying dust.
The catoblepas gores you!
You die...

#....#,*...............
#....# * .)............
#....#, ,.#............
#....####.#.......#####
#.................. ...
#.................. ...
####'#..#.#.#..........
#....§..#,* , .....
###...@...#.# ,* .....
#....Y......+ , * .....
#......##.#.# ,, ,.....
##............ ***
..... #.....####.#..#*
,..... ##.##......# .#
, ,...# *#'##...... .,,
,,, , ..........., ,,,
,, #.........#.,{, **,∆


You could see a catoblepas.

Vanquished Creatures
  Roxanne (D:14)
  7 hydras
  A two-headed ogre (D:12)
  A catoblepas (Lair:4)
  2 dancing weapons (D:14)
  2 unseen horrors
  2 orc knights
  3 manticores
  2 ugly things
  9 elephants
  4 cyclopes
  3 black mambas
  A guardian serpent (Lair:3)
  A gargoyle (D:10)
  19 spiny frogs
  A kobold demonologist (D:15)
  2 komodo dragons
  5 rime drakes
  4 polar bears
  4 trolls
  6 tyrant leeches
  2 hornets (D:13)
  22 blink frogs
  4 hippogriffs
  7 dream sheep (Lair:5)
  5 slime creatures
  7 wyverns
  A shadow (D:12)
  36 yaks
  4 water elementals (D:12)
  3 wraiths
  2 hungry ghosts
  6 vampire mosquitoes
  A basilisk (Lair:4)
  Menkaure (D:5)
  A warg (D:15)
  A swamp worm (Lair:2)
  A soldier ant (D:10)
  12 water moccasins
  3 acid dragons
  9 porcupines
  15 ice beasts
  A phantom (D:13)
  3 sky beasts
  10 orc warriors
  2 black bears
  8 ogres
  An eye of draining (D:9)
  11 wolves
  7 centaurs
  9 crocodiles
  3 big kobolds
  24 bullfrogs
  2 wyvern skeletons (D:13)
  A hornet simulacrum (D:11)
  4 scorpions
  14 killer bees (D:10)
  5 wights
  3 howler monkeys
  An electric eel (Lair:6)
  12 crimson imps
  A quasit (D:14)
  A wyvern simulacrum (D:11)
  3 bullfrog skeletons
  5 hounds
  16 orc wizards
  4 orc priests
  Crazy Yiuf (D:3)
  5 jellies
  5 centaur skeletons
  4 iguanas
  Terence (D:2)
  17 worker ants
  A hound skeleton (D:11)
  2 howler monkey skeletons
  2 worker ant zombies
  12 adders
  4 shadow imps
  6 white imps
  A worker ant simulacrum (D:11)
  2 ufetubi (D:11)
  An adder skeleton (D:4)
  2 worms (D:2)
  4 dart slugs (D:1)
  4 leopard geckos
  42 orcs
  8 bats
  5 giant cockroaches
  3 goblins
  15 hobgoblins
  5 jackals (D:2)
  18 kobolds
  11 quokkas
  5 frilled lizards
  2 jackal skeletons (D:6)
  A jackal zombie (D:6)
  5 rats
  A butterfly (D:8)
  A plant (Lair:6)
570 creatures vanquished.

Vanquished Creatures (collateral kills)
  A porcupine (D:10)
  An ogre (D:12)
  A killer bee (D:10)
  8 wights
  2 worker ants (D:8)
  3 orcs
16 creatures vanquished.

Vanquished Creatures (others)
  3 dancing weapons
  A jelly (D:11)
  A bush (Lair:5)
  51 fungi
  68 plants
124 creatures vanquished.

Grand Total: 710 creatures vanquished

Notes
Turn   | Place    | Note
-------+----------+-------------------------------------------
     0 | D:1      | Garbasso the Vampire Enchanter began the quest for the Orb.
     0 | D:1      | Reached XP level 1. HP: 13/13 MP: 3/3
   215 | D:1      | Reached XP level 2. HP: 12/19 MP: 3/5
   219 | D:1      | Learned a level 2 spell: Ensorcelled Hibernation
   417 | D:1      | Reached skill level 5 in Hexes
   670 | D:1      | Found a shattered altar of Ashenzari.
   993 | D:1      | Became a worshipper of Ashenzari the Shackled
  1028 | D:1      | Reached skill level 5 in Stealth
  1362 | D:2      | Reached XP level 3. HP: 24/24 MP: 6/6
  1486 | D:2      | Learned a level 3 spell: Confuse
  1598 | D:2      | Found a blossoming altar of Fedhas.
  1989 | D:2      | Noticed Natasha
  2584 | D:2      | Reached XP level 4. HP: 30/30 MP: 4/7
  2677 | D:2      | Noticed Terence
  2684 | D:2      | Killed Terence
  3017 | D:3      | Found an ancient bone altar of Kikubaaqudgha.
  3031 | D:3      | Found a snail-covered altar of Cheibriados.
  3032 | D:3      | Found a glowing silver altar of Zin.
  3032 | D:3      | Found a basalt altar of Yredelemnul.
  3118 | D:3      | Reached XP level 5. HP: 32/35 MP: 8/8
  3317 | D:3      | Found a runed door.
  3321 | D:3      | Noticed Crazy Yiuf
  3325 | D:3      | Killed Crazy Yiuf
  3325 | D:3      | Reached skill level 6 in Stealth
  3500 | D:4      | Reached * piety under Ashenzari
  4010 | D:4      | Noticed an ogre
  4012 | D:4      | Killed an ogre
  4012 | D:4      | Reached skill level 1 in Fighting
  4012 | D:4      | Reached XP level 6. HP: 43/43 MP: 9/9
  4166 | D:4      | Learned a level 3 spell: Tukima's Dance
  4207 | D:5      | Entered Level 5 of the Dungeon
  4528 | D:5      | Reached skill level 7 in Stealth
  4657 | D:5      | Noticed a sky beast
  4664 | D:5      | Killed a sky beast
  4664 | D:5      | Reached XP level 7. HP: 51/51 MP: 10/10
  4715 | D:5      | Found a staircase to the Ecumenical Temple.
  4729 | D:5      | Noticed Menkaure
  4733 | D:5      | Killed Menkaure
  5508 | D:6      | Found Ytumurpho's Antique Weapon Boutique.
  5512 | D:6      | Reached skill level 8 in Stealth
  5517 | D:6      | Bought a runed dagger for 85 gold pieces
  5549 | D:6      | Reached ** piety under Ashenzari
  5897 | D:7      | Reached XP level 8. HP: 58/61 MP: 11/11
  5913 | D:7      | Found an opulent altar of Gozag.
  6128 | D:7      | Learned a level 3 spell: Dazzling Spray
  6684 | D:7      | Found a shadowy altar of Dithmenos.
  6685 | D:7      | Found a bloodstained altar of Trog.
  6783 | D:7      | Reached skill level 9 in Stealth
  6935 | D:8      | Reached skill level 5 in Fighting
  7000 | D:8      | Found a runed door.
  7406 | D:8      | Reached skill level 10 in Hexes
  7406 | D:8      | Reached XP level 9. HP: 66/68 MP: 12/12
  7656 | D:8      | Found a runed door.
  7679 | D:8      | Reached skill level 10 in Stealth
  7741 | D:8      | Reached skill level 5 in Short Blades
  7796 | D:8      | Found Ikola's Armour Emporium.
  7799 | D:8      | Bought a +0 pair of gloves of dexterity for 149 gold pieces
  7838 | D:8      | Cast into level 2 of the Abyss (big kobold)
  7863 | Abyss:2  | Noticed an apocalypse crab
  7871 | Abyss:2  | Paralysed by you for 5 turns
  7891 | Abyss:2  | Noticed a lich
  7893 | Abyss:2  | Noticed a wretched star
  7919 | Abyss:2  | Noticed a wretched star
  7921 | Abyss:2  | Noticed an ancient zyme
  7942 | Abyss:2  | Noticed a smoke demon
  7963 | Abyss:2  | Noticed a thrashing horror
  7972 | Abyss:2  | Noticed a cacodemon
  8029 | Abyss:2  | Noticed a tentacled starspawn
  8069 | Abyss:2  | Noticed a rust devil
  8078 | Abyss:2  | Noticed a demonic crawler
  8200 | Abyss:2  | Noticed a wretched star
  8243 | Abyss:2  | Noticed a freezing wraith
  8250 | Abyss:2  | Noticed a smoke demon
  8266 | Abyss:2  | Noticed a blizzard demon
  8268 | Abyss:2  | Noticed a spatial maelstrom
  8325 | Abyss:2  | Noticed a wretched star
  8364 | Abyss:2  | Noticed a worldbinder
  8368 | Abyss:2  | Noticed a wretched star
  8399 | Abyss:2  | Noticed a fire crab
  8399 | Abyss:2  | Noticed a purple ugly thing
  8399 | Abyss:2  | Noticed a thrashing horror
  8410 | Abyss:2  | Noticed a profane servitor
  8434 | Abyss:2  | Noticed a wretched star
  8447 | Abyss:2  | Noticed a large abomination
  8449 | Abyss:2  | Noticed a hellion
  8451 | Abyss:2  | Noticed a wretched star
  8526 | Abyss:2  | Reached *** piety under Ashenzari
  8558 | Abyss:2  | Noticed a thrashing horror
  8560 | Abyss:2  | Noticed an ancient zyme
  8641 | Abyss:2  | Noticed a deep elf sorcerer
  8672 | Abyss:2  | Identified the amulet of Lyxumes {rF+ rN+ Regen+}
  8679 | Abyss:2  | Noticed a tentacled starspawn
  8693 | Abyss:2  | Noticed a thrashing horror
  8698 | Abyss:2  | Noticed a large abomination
  8745 | Abyss:2  | Noticed a kobold demonologist
  8753 | Abyss:2  | Noticed a great orb of eyes
  8853 | Abyss:2  | Noticed a thrashing horror
  8859 | Abyss:2  | Noticed an ancient zyme
  8859 | Abyss:2  | Noticed a thrashing horror
  8860 | Abyss:2  | Noticed a freezing wraith
  8867 | Abyss:2  | Noticed a freezing wraith
  8869 | Abyss:2  | Noticed an ancient zyme
  8874 | Abyss:2  | Noticed a soul eater
  8910 | D:8      | Escaped the Abyss
  9108 | D:8      | Found Icsexuw's Magic Scroll Shoppe.
  9114 | D:8      | Bought a scroll of remove curse for 42 gold pieces
  9114 | D:8      | Bought a scroll of fear for 49 gold pieces
  9114 | D:8      | Bought a scroll of blinking for 105 gold pieces
  9114 | D:8      | Bought a scroll of blinking for 105 gold pieces
  9416 | D:9      | Reached skill level 5 in Dodging
  9721 | D:9      | Reached **** piety under Ashenzari
  9793 | D:9      | Found a radiant altar of Vehumet.
 10203 | D:10     | Entered Level 10 of the Dungeon
 10230 | D:10     | Found Gidghe's Book Shop.
 10428 | D:10     | Reached skill level 11 in Stealth
 10456 | D:10     | Noticed an unseen horror
 10465 | D:10     | Killed an unseen horror
 10465 | D:10     | Reached XP level 10. HP: 61/69 MP: 8/13
 10758 | D:10     | Found a staircase to the Lair.
 11457 | D:10     | Noticed a gargoyle
 11476 | D:10     | Killed a gargoyle
 11479 | D:10     | Reached skill level 12 in Stealth
 11479 | D:10     | Reached skill level 1 in Ice Magic
 11629 | Lair:1   | Entered Level 1 of the Lair of Beasts
 11922 | Lair:1   | Reached XP level 11. HP: 86/86 MP: 3/14
 12911 | Lair:2   | Noticed an eight-headed hydra
 12998 | Lair:2   | Identified the +8 ring mail of Oneul {rC+}
 13157 | Lair:2   | Found a staircase to the Swamp.
 13196 | Lair:2   | Reached skill level 13 in Stealth
 13384 | Lair:2   | Killed an eight-headed hydra
 14128 | Lair:3   | Found a staircase to the Snake Pit.
 14265 | Lair:3   | Reached ***** piety under Ashenzari
 14952 | Lair:4   | Noticed a catoblepas
 14957 | Lair:4   | Killed a catoblepas
 14957 | Lair:4   | Reached skill level 10 in Fighting
 14957 | Lair:4   | Reached XP level 12. HP: 97/97 MP: 15/15
 15865 | Lair:4   | Reached skill level 14 in Stealth
 16265 | Lair:5   | Noticed a four-headed hydra
 16502 | Lair:5   | Reached skill level 10 in Short Blades
 16574 | Lair:5   | Killed a four-headed hydra
 16732 | Lair:5   | Found a runed door.
 16735 | Lair:5   | Noticed Ratty's ghost (journeyman MiBe)
 17197 | Lair:6   | Entered Level 6 of the Lair of Beasts
 17197 | Lair:6   | Found a viscous altar of Jiyva.
 17197 | Lair:6   | Found a staircase to the Slime Pits.
 17197 | Lair:6   | Noticed an eight-headed hydra
 17199 | Lair:6   | Killed an eight-headed hydra
 17201 | Lair:6   | Noticed a six-headed hydra
 17230 | Lair:6   | Killed a six-headed hydra
 17276 | Lair:6   | Reached skill level 15 in Stealth
 17309 | Lair:5   | Reached XP level 13. HP: 105/105 MP: 4/19
 17495 | Lair:5   | Reached skill level 10 in Dodging
 17681 | Lair:6   | Reached skill level 5 in Spellcasting
 18490 | Lair:6   | Reached skill level 16 in Stealth
 18795 | Lair:6   | Got the dagger of Armageddon {protect, MR- MP+9 Str+2}
 18852 | Lair:6   | Identified the +9 dagger of Armageddon {protect, MR- MP+9
                  | Str+2} (You found it on level 6 of the Lair of Beasts)
 20388 | D:11     | Found a staircase to the Orcish Mines.
 20804 | D:12     | Reached skill level 1 in Evocations
 21043 | D:12     | Reached ****** piety under Ashenzari
 21548 | D:12     | Reached XP level 14. HP: 114/114 MP: 23/23
 21902 | D:13     | Found a transporter.
 22057 | D:13     | Noticed Nib's ghost (journeyman CeHu)
 22186 | D:13     | Found Gasmerei's Gadget Boutique.
 22375 | D:13     | Learned a level 1 spell: Animate Skeleton
 22377 | D:13     | Learned a level 1 spell: Apportation
 22434 | D:13     | Reached skill level 17 in Stealth
 22446 | D:13     | Found a transporter.
 22504 | D:13     | Found a deep blue altar of Sif Muna.
 23023 | D:14     | Identified Roxanne's Catalogue of Transmutation
 23023 | D:14     | Noticed Roxanne
 23435 | D:14     | Killed Roxanne
 23545 | D:14     | Reached skill level 1 in Necromancy
 23600 | D:14     | Reached skill level 1 in Translocations
 23893 | D:14     | Found a gate to the Vaults.
 24233 | D:15     | Entered Level 15 of the Dungeon
 24487 | D:15     | Found Ahupus's Antique Weapon Emporium.
 24622 | D:15     | HP: 2/116 [catoblepas (10)]
 24623 | D:15     | Slain by a catoblepas

Vault maps used:
D:1:      nzn_arrival_water_spiral, nicolae_ashenzari_panopticon
D:2:      kb_forest_paths, lemuel_doored_altar, uniq_terence, uniq_natasha
D:3:      grunt_temple_overflow_open, uniq_crazy_yiuf_cottage
D:4:      serial_bayou_lagoon_a
D:5:      minmay_temple_entry_statues_fountains, first_ration,
          kennysheep_generic_room_15, uniq_menkaure
D:6:      serial_shops, shop
D:7:      grunt_gozag_statues, minitemple
D:8:      lemuel_insect_pit, serial_shops, kennysheep_little_box,
          nicolae_shop_behind_doors
D:9:      vehumet_statue, grunt_ogre_cave
D:10:     due_lair_maze_entry_diamond, serial_shops, shop
D:11:     david_orc_4, serial_ice, serial_ice_l, serial_ice_a, serial_ice_f,
          serial_ice_n, serial_ice_b, serial_ice_o, serial_ice_d
D:12:     st_stairs_3, nicolae_underground_beach
D:13:     cheibrodos_orc_bank, basic_altar, gammafunk_ghost_mausoleum,
          serial_shops, shop, chequers_serial_rivers_micro_b, chequers_arboretum
D:14:     erik_vaults_1, minmay_hedge_maze, uniq_roxanne
D:15:     grunt_enter_depths_hoard, serial_shops, shop, nrook_campfire
Lair:2:   minmay_swamp_entry_worms, ice2_lemuel
Lair:3:   minmay_snake_entry_spellcaster
Lair:4:   minivault_24, serial_bayou_pond_c
Lair:5:   ebering_ghost_funeral_grove, lemuel_fruit_fields, grunt_megastairs_1
Lair:6:   minmay_lair_end_frog_pond, slime_altar_1

Skill      XL: |  1  2  3  4  5  6  7  8  9 10 11 12 13 14 |
---------------+-------------------------------------------+-----
Hexes          | 5 6 7 8 9 10 11 12 | 12.9
Stealth        | 5 6 7 8 9 11 12 13 15 16 17 | 17.3
Short Blades   | 2 3 4 6 7 8 10 | 10.0
Fighting       | 1 2 4 5 6 8 10 11 12 | 12.6
Dodging        | 4 5 7 8 9 11 | 11.9
Ice Magic      | 1 |  1.2
Spellcasting   | 4 6 |  6.5
Evocations     | 1 3 |  3.3
Necromancy     | 1 |  1.2
Translocations | 1 |  1.8

Action                   |  1- 3 |  4- 6 |  7- 9 | 10-12 | 13-15 || total
-------------------------+-------+-------+-------+-------+-------++-------
Melee: Dagger            |   110 |    58 |   263 |   343 |   509 ||  1283
       Bite              |     7 |     4 |    28 |    79 |   101 ||   219
       Short sword       |    13 |     3 |    17 |       |       ||    33
       Great sword       |       |       |    12 |   119 |   204 ||   335
       Unarmed           |       |       |       |       |     1 ||     1
 Cast: Corona            |     8 |     2 |     1 |       |       ||    11
       Ensorcelled Hiber |    27 |    23 |    72 |    73 |   116 ||   311
       Confuse           |       |       |    28 |   143 |    65 ||   236
       Tukima's Dance    |       |       |    10 |     3 |     4 ||    17
       Dazzling Spray    |       |       |     8 |     6 |    32 ||    46
       Animate Skeleton  |       |       |       |       |     3 ||     3
Invok: Curse Item        |       |     1 |     3 |       |     2 ||     6
       Scrying           |       |       |     8 |     1 |       ||     9
 Abil: End Transformatio |       |       |     3 |       |     1 ||     4
       Bat Form          |       |       |     3 |       |     1 ||     4
Evoke: Wand              |       |       |       |     7 |    14 ||    21
       Phantom mirror    |       |       |       |       |     1 ||     1
  Use: Potion            |     4 |     6 |    24 |    15 |     8 ||    57
       Scroll            |     2 |       |    28 |     6 |     7 ||    43
 Stab: Sleeping          |    18 |    36 |    59 |    59 |    87 ||   259
       Confused          |       |       |     9 |    60 |    31 ||   100
       Distracted        |       |       |     1 |     1 |     6 ||     8
       Invisible         |       |       |       |     3 |    10 ||    13
  Eat: Corpse            |       |       |       |     9 |    14 ||    23
Armor: Robe              |    21 |     3 |    44 |    72 |    79 ||   219
Dodge: Dodged            |   109 |    33 |   208 |   525 |   769 ||  1644
       Rpst.: Great sword |       |       |     4 |    60 |   116 ||   180

Table legend:
 A = Non-vault XP
 B = Vault XP
 C = Vault XP percentage of total XP
 D = Non-vault monster count
 E = Vault monster count
 F = Vault count percentage of total count
                 A         B        C        D         E       F
            +---------+---------+-------+---------+---------+-------
      Total |   59451 |   25094 |  29.7 |     433 |     152 |  26.0
            +---------+---------+-------+---------+---------+-------
        D:1 |      39 |       0 |   0.0 |      18 |       0 |   0.0
        D:2 |      70 |      52 |  42.6 |      19 |       7 |  26.9
        D:3 |      41 |      40 |  49.4 |      11 |       1 |   8.3
        D:4 |     240 |       0 |   0.0 |      11 |       0 |   0.0
        D:5 |     383 |      83 |  17.8 |      10 |       1 |   9.1
        D:6 |     395 |       0 |   0.0 |      21 |       0 |   0.0
        D:7 |     685 |       0 |   0.0 |      15 |       0 |   0.0
        D:8 |    1304 |     234 |  15.2 |      29 |      10 |  25.6
        D:9 |    1096 |     125 |  10.2 |      16 |       1 |   5.9
       D:10 |    4107 |     822 |  16.7 |      47 |       7 |  13.0
       D:11 |    4060 |    1901 |  31.9 |      26 |      34 |  56.7
       D:12 |    3843 |    1175 |  23.4 |      29 |       7 |  19.4
       D:13 |    7439 |     978 |  11.6 |      36 |      17 |  32.1
       D:14 |    3227 |    3738 |  53.7 |      16 |       3 |  15.8
       D:15 |    3334 |       0 |   0.0 |      16 |       0 |   0.0
     Lair:1 |    2154 |       0 |   0.0 |      15 |       0 |   0.0
     Lair:2 |    4506 |    2123 |  32.0 |      13 |      14 |  51.9
     Lair:3 |    1192 |     442 |  27.1 |       6 |       1 |  14.3
     Lair:4 |    7421 |       0 |   0.0 |      30 |       0 |   0.0
     Lair:5 |    7817 |    3318 |  29.8 |      30 |      14 |  31.8
     Lair:6 |    6098 |   10063 |  62.3 |      19 |      35 |  64.8
            +---------+---------+-------+---------+---------+-------
